 Dungeon Crawl Stone Soup version 0.31-a0-204-g7da18cac08 (webtiles) character file.

Game seed: 12263294838829030665

14 qw the Shooter (level 2, -1/16 HPs)
             Began as a Deep Elf Hunter on June 27, 2023.
             Succumbed to their own poison gas
             ... on level 1 of the Dungeon.
             The game lasted 00:00:12 (293 turns).

qw the Shooter (Deep Elf Hunter)                     Turns: 293, Time: 00:00:12

Health: -1/16      AC:  3    Str:  8    XL:     2   Next: 27%
Magic:  4/4        EV: 12    Int: 13    God:
Gold:   20         SH:  0    Dex: 18    Spells: 1/1 levels left

rFire   . . .        Y - +0 shortbow
rCold   . . .        (shield currently unavailable)
rNeg    . . .        c - +0 leather armour
rPois   .            (no helmet)
rElec   .            (no cloak)
rCorr   .            (no gloves)
SInv    .            (no boots)
Will    .....        (no amulet)
Stlth   ++           (no ring)
HPRegen 0.22/turn    (no ring)
MPRegen 0.09/turn

%: no passive effects
@: lethally poisoned (-1 -> -9)
A: no striking features
a: no special abilities


You were on level 1 of the Dungeon.
You visited 1 branch of the dungeon, and saw 1 of its levels.

You collected 20 gold pieces.


   Skills:
 - Level 1.5 Fighting
 + Level 6.1 Ranged Weapons
 - Level 2.4 Dodging
 - Level 1.2 Stealth


You had one spell level left.
You didn't know any spells.
Your spell library was empty.

Inventory:

Hand Weapons
 Y - a +0 shortbow (weapon)
Armour
 c - a +0 leather armour (worn)

Dungeon Overview and Level Annotations

Branches:
Dungeon (1/15)

Altars:


Message History

The jackal barks!
You hear a bark!
A jackal comes into view.
There are monsters nearby!
288 ||| DROPPING scroll of butterflies.
You drop a scroll of butterflies.
There are monsters nearby!
There are monsters nearby!
Enter note:
Enter note:
Enter note:
Enter note:
Enter note:
Enter note:
Enter note:
Enter note:
Enter note: Really walk into that cloud of poison gas?
You are engulfed in poison gas.
You are lethally poisoned!
You feel very sick.
Enter note:
Enter note:
Enter note:
Enter note:
Enter note:
Enter note:
Enter note:
Enter note:
Enter note:
Enter note:
Enter note:
Enter note:
290 ||| Stepping ~*~*~tactically~*~*~ (cloud).
You feel very sick.
You see here a scroll of butterflies.
There is a lethal amount of poison in your body!
You feel very sick.
There is a lethal amount of poison in your body!
You feel sick.
There is a lethal amount of poison in your body!
You die...

.##.##.........# #...##.....~~7~.
....##.........# ##..##.....~~~..
#...##.).......###.¤¤####........
#################..¤.# #........
##...####.¤### #........
##....###.¤# #........
##....###0¤# ##.......
#...#.h##¤¤# ##.....#
...##hh#@0## #....... ..###¤¤¤¤##
#....... ..###0¤¤## #?......
###### ##.....# ##...#


You could see 3 jackals.

Vanquished Creatures
  3 endoplasms (D:1)
  A goblin (D:1)
  2 hobgoblins (D:1)
  A kobold (D:1)
  A ball python (D:1)
  3 bats (D:1)
  A frilled lizard (D:1)
12 creatures vanquished.

Notes
Turn   | Place    | Note
-------+----------+-------------------------------------------
     0 | D:1      | qw the Deep Elf Hunter began the quest for the Orb.
     0 | D:1      | Reached XP level 1. HP: 12/12 MP: 3/3
     0 | D:1      | 0 ||| qw: Version: 0.3-a-22-g0ed2b0b
     0 | D:1      | 0 ||| qw: Game counter: 6623
     0 | D:1      | 0 ||| qw: Melee chars always use a shield: true
     0 | D:1      | 0 ||| qw: God list: Okawaru
     0 | D:1      | 0 ||| qw: Allow faded altars: false
     0 | D:1      | 0 ||| qw: Do Orc after clearing Dungeon:15 true
     0 | D:1      | 0 ||| qw: Do second Lair branch before Depths: true
     0 | D:1      | 0 ||| qw: Lair rune preference: random
     0 | D:1      | 0 ||| qw: Goals: Normal
     0 | D:1      | 0 ||| PLANNING D:1-11
    30 | D:1      | 30 ||| FLEEEEING.
    31 | D:1      | 31 ||| FLEEEEING.
    32 | D:1      | 32 ||| FLEEEEING.
    33 | D:1      | 33 ||| FLEEEEING.
    34 | D:1      | 34 ||| FLEEEEING.
    35 | D:1      | 35 ||| FLEEEEING.
    36 | D:1      | 36 ||| FLEEEEING.
    37 | D:1      | 37 ||| FLEEEEING.
    39 | D:1      | 39 ||| FLEEEEING.
   146 | D:1      | 146 ||| Stepping ~*~*~tactically~*~*~ (water).
   151 | D:1      | Found a faded altar of an unknown god.
   161 | D:1      | Reached XP level 2. HP: 12/16 MP: 4/4
   200 | D:1      | Reached skill level 6 in Ranged Weapons
   276 | D:1      | 276 ||| READING scroll labelled UMPEPL HOHOCWO.
   286 | D:1      | 286 ||| READING scroll labelled HANOGI QEANI.
   287 | D:1      | 287 ||| READING scroll labelled HIXKUPUSIYR.
   288 | D:1      | 288 ||| DROPPING scroll of butterflies.
   290 | D:1      | 290 ||| Stepping ~*~*~tactically~*~*~ (cloud).
   291 | D:1      | HP: 2/16 [poisoned by you (poison gas)]
   293 | D:1      | Succumbed to their own poison gas

Levels and vault maps discovered:
D:1:      minmay_arrival_hallway, layout_rooms,
          chequers_ecumenical_altar_island, serial_bayou_pond_a,
          hangedman_glass_teeth

Skill      XL: |  1  2 |
---------------+-------+-----
Ranged Weapons | 6 |  6.1
Fighting       | |  1.5
Dodging        | |  2.4
Stealth        | |  1.2

Action                     || total
---------------------------++-------
   Fire: Shortbow          ||    33
    Use: Scroll            ||     3
 Armour: Leather armour    ||     3
  Dodge: Dodged            ||     4

Table legend:
 A = Non-vault XP
 B = Vault XP
 C = Vault XP percentage of total XP
 D = Non-vault monster count
 E = Vault monster count
 F = Vault count percentage of total count
                 A         B        C        D         E       F
            +---------+---------+-------+---------+---------+-------
      Total |      20 |       0 |   0.0 |      12 |       0 |   0.0
            +---------+---------+-------+---------+---------+-------
        D:1 |      20 |       0 |   0.0 |      12 |       0 |   0.0
            +---------+---------+-------+---------+---------+-------
